cohdb
Replays
Latest Replays
All Replays
Popular Replays
Top Player Replays
Match Explorer
How It Works
Community
CoH3 Stats
Reddit
Sign in to upload your games and track your stats! →
Sign in with Steam
Match 46495368
Unlisted
Match 46495368
Overview
Messages
Build Orders
End
Construct Infanterie Kompanie
Selects Terror Battlegroup
Selects Machine Gun Camouflage
MG 42 Machine Gun Team
GrW 34 Mortar Team
Grenadier Squad
MG 42 Machine Gun Team
Construct Panzergrenadier Kompanie
Duffman™
ProxyFox
Personal Iroha Cushion
Ra11
Cohpe?
Harry Cohper
0
0
Comments
sign in to comment!
No comments posted yet!